 Dungeon Sprint DCSS version 0.21-a0-434-g806c6c2 (webtiles) character file.

8878 mastercheaf21 the Imperceptible (level 11, -7/61 (64) HPs)
             Began as an Octopode Assassin on Nov 9, 2017.
             Was the Champion of Dithmenos.
             Mangled by an unseen horror (10 damage)
             ... in the Dungeon (Sprint I: "Red Sonja").
             The game lasted 00:13:00 (2412 turns).

mastercheaf21 the Imperceptible (Octopode Assassin) Turns: 2412, Time: 00:13:01

HP:   -7/61 (64)    AC:  1    Str: 10      XL:     11   Next: 37%
MP:   8/8           EV: 15    Int: 10 (13) God:    Dithmenos [******]
Gold: 1026          SH:  0    Dex: 10      Spells: 10/10 levels left

rFire    . . .     SeeInvis .   n - +2 dagger (venom)
rCold    . . .     Gourm    .   (no shield)
rNeg     . . .     Faith    .   (helmet restricted)
rPois    .         Spirit   .   (no amulet)
rElec    .         Reflect  .   (no ring)
rCorr    .         Harm     .   (no ring)
MR       .....     Rnd*Rage +   (no ring) Stlth ++++++++++NoTele +
                                (no ring)
HPRegen  0.00/turn              (no ring)
MPRegen  0.11/turn              (no ring)
                                (no ring)
                                (no ring)

@: wreathed by umbra
A: almost no armour, stealthy swim, amphibious, 8 rings, constrict 8, antennae
1, camouflage 1, berserk 1, blurry vision 1, clumsy 2, deterioration 2, dopey 1,
low mp 2, inhibited regeneration, weak 1, gelatinous body 1, subdued magic 1
a: Shadow Step, Shadow Form, Renounce Religion


You were in the Dungeon.
You worshipped Dithmenos.
Dithmenos was exalted by your worship.
You were not hungry.

You visited 1 branch You collected 1026 gold pieces.

Inventory:

Hand Weapons
 a - a +2 dagger
 b - a +0 blowgun
 n - a +2 dagger of venom (weapon)
Missiles
 c - 8 poisoned needles
 d - 6 curare-tipped needles
Armour
 s - the cursed -12 large shield of Vienlyrph {rElec rF- Dex+4, unknown}
   (You found it in the Dungeon)

   It affects your dexterity (+4).
   It makes you vulnerable to fire.
   It insulates you from electricity.
   It has a curse placed upon it.
Wands
 m - a wand of disintegration (12/24)
Scrolls
 k - a scroll of blinking
 l - 5 scrolls of identify {unknown}
 q - a scroll of magic mapping {unknown}
 r - a scroll of immolation {unknown}
 t - a scroll of summoning {unknown}
 u - a scroll of silence {unknown}
Potions
 e - 5 potions of curing
 g - a potion of heal wounds
 h - a potion of haste
 i - 3 potions of magic
 j - 2 potions of berserk rage
Books
 p - a book of Flames

   Spells                             Type                      Level
   a - Flame Tongue                   Conjuration/Fire             1
   b - Throw Flame                    Conjuration/Fire             2
   c - Conjure Flame                  Conjuration/Fire             3
   d - Inner Flame                    Hexes/Fire                   3
   e - Sticky Flame                   Conjuration/Fire             4
   f - Fireball                       Conjuration/Fire             5
   Dithmenos disapproves of the use of such an item.
Comestibles
 f - 2 bread rations
 o - a meat ration


   Skills:
 - Level 2.0 Fighting
 - Level 15.4 Short Blades
 - Level 2.0 Throwing
 + Level 5.8 Dodging
 - Level 22.8 Stealth
 - Level 12.3 Unarmed Combat


You had 10 spell levels left.
You didn't know any spells.

Dungeon Overview and Level Annotations

Branches:
Dungeon (1/1)

Altars:
Cheibriados
Dithmenos
Elyvilon
Fedhas
Gozag
Hepliaklqana
Kikubaaqudgha
Makhleb
Nemelex Xobeh
Okawaru
Qazlal
Ru
Sif Muna
Trog
Uskayaw
Vehumet
Wu Jian
Xom
Yredelemnul
Zin
The Shining One
Jiyva
Lugonu

Shops:
D ??=[*([


Innate Abilities, Weirdness & Mutations

You cannot wear most types of armour.
You are very stealthy in the water. (Stealth+)
You are amphibious.
You can wear up to eight rings at the same time.
You can use your tentacles to constrict eight enemies at once.
Your skin changes colour to match your surroundings (Stealth+).
Your rubbery body absorbs attacks. (AC +1, EV +1)
You have a pair of small antennae on your head.
You tend to lose your temper in combat.
Scrolls take you a little longer to read.
You are very clumsy. (Dex -4)
Your body often deteriorates upon taking damage.
You are dopey. (Int -2)
Your magical capacity is very low. (-20% MP)
You do not regenerate when monsters are visible.
You are weak. (Str -2)
Your spells are a little easier to cast, but a little less powerful.


Message History

You hit something but do no damage. Something hits you.
Something completely misses you. Something hits you!
You emit a cloud of dark smoke.
You miss something. Your squeeze misses something.
Your shadow closely misses something.
Something closely misses you.
You barely miss something.
Your shadow hits something but does no damage.
Something hits you. x2
Something hits you!
Your body deteriorates!
You feel dopey.
You emit a cloud of dark smoke.
Something hits you. x2
Something hits you!
* * * LOW HITPOINT WARNING * * *
Your body deteriorates!
You feel dopey. Something hits you!
* * * LOW HITPOINT WARNING * * *
You hit something.
Your shadow hits something but does no damage.
Something hits you!
You die...

#..#__####..##.#§≈§§)#§.#
#..#_____##'#_.'§§§.§'..#
#⌠⌠#_.∩...'..._#≈§§§)#..#
####_..__##_.#'##+#####'###
#_____###'#)#....###.'.#
############.####'###.###.#
#∩........'...'.....'.∩##.#
###''''####.).###########.#
#.......####.###@{§....##§#
#........#.#'#.#{§§.....+§#
#..#.....#.....#§§§######§#
#........#.[...#§§§..§.§#§#
#.....#..#######§§§.§..#§§#
#........##.}...††....≈####
#..#.....##..[.......≈≈#
#........###.......≈≈≈##
###''''### ###..≈≈≈≈###


There were no monsters in sight!

Vanquished Creatures
  2 centaur warriors (D)
  Sonja (D)
  A deep troll (D)
  An oklob plant (D)
  8 shining eyes (D)
  2 kobold demonologists (D)
  A hornet (D)
  A slime creature (D)
  2 redbacks (D)
  Sigmund (D)
  A yak (D)
  6 floating eyes (D)
  An ogre (D)
  7 necrophages (D)
  8 jellies (D)
  Ijyb (D)
  2 ballistomycetes (D)
  A ballistomycete spore (D)
47 creatures vanquished.

Vanquished Creatures (others)
  A gargoyle (D)
  A ballistomycete spore (D)
2 creatures vanquished.

Grand Total: 49 creatures vanquished

Notes
Turn   | Place    | Note
-------+----------+-------------------------------------------
     0 | D        | mastercheaf21 the Octopode Assassin began the quest for the Orb.
     0 | D        | Reached XP level 1. HP: 14/14 MP: 1/1
     2 | D        | Noticed Ijyb
    15 | D        | Killed Ijyb
    15 | D        | Reached skill level 9 in Stealth
    15 | D        | Reached XP level 2. HP: 7/19 MP: 2/2
    15 | D        | Reached XP level 3. HP: 9/24 MP: 3/3
   204 | D        | Noticed an ogre
   207 | D        | Killed an ogre
   207 | D        | Reached skill level 13 in Stealth
   207 | D        | Reached XP level 4. HP: 29/29 MP: 4/4
   219 | D        | Noticed Sigmund
   222 | D        | Killed Sigmund
   222 | D        | Reached skill level 16 in Stealth
   222 | D        | Reached XP level 5. HP: 34/34 MP: 5/5
   222 | D        | Reached XP level 6. HP: 39/39 MP: 6/6
   243 | D        | Found an ornate altar of the Wu Jian Council.
   243 | D        | Found a deep blue altar of Sif Muna.
   244 | D        | Found a burning altar of Makhleb.
   244 | D        | Found a viscous altar of Jiyva.
   244 | D        | Found a shimmering altar of Xom.
   244 | D        | Found a corrupted altar of Lugonu.
   244 | D        | Noticed a slime creature
   247 | D        | Killed a slime creature
   247 | D        | Reached skill level 19 in Stealth
   247 | D        | Reached XP level 7. HP: 45/45 MP: 7/7
   251 | D        | Found a radiant altar of Vehumet.
   541 | D        | Killed a gargoyle
   590 | D        | Found Nibiqit's Armour Emporium.
   590 | D        | Found an ancient bone altar of Kikubaaqudgha.
   590 | D        | Found a hazy altar of Hepliaklqana.
   590 | D        | Found a stormy altar of Qazlal.
   590 | D        | Found a hide-covered altar of Uskayaw.
   590 | D        | Found a blossoming altar of Fedhas.
   590 | D        | Found a bloodstained altar of Trog.
   590 | D        | Found an iron altar of Okawaru.
   590 | D        | Found a basalt altar of Yredelemnul.
   590 | D        | Found a glowing golden altar of the Shining One.
   590 | D        | Found a snail-covered altar of Cheibriados.
   590 | D        | Found a sacrificial altar of Ru.
   590 | D        | Found a glowing silver altar of Zin.
   590 | D        | Found a shadowy altar of Dithmenos.
   590 | D        | Found a white marble altar of Elyvilon.
   590 | D        | Noticed a yak
   591 | D        | Found an opulent altar of Gozag.
   592 | D        | Killed a yak
   592 | D        | Reached skill level 20 in Stealth
   593 | D        | Found a sparkling altar of Nemelex Xobeh.
   601 | D        | Became a worshipper of Dithmenos the Shadowed
   613 | D        | Noticed Sonja
   617 | D        | Killed Sonja
   617 | D        | Reached skill level 22 in Stealth
   617 | D        | Reached XP level 8. HP: 50/50 MP: 8/8
   635 | D        | Noticed a deep troll
   639 | D        | Killed a deep troll
   639 | D        | Reached XP level 9. HP: 54/54 MP: 9/9
   655 | D        | Found Uprig's Armour Emporium.
  1103 | D        | Found Ylail's Magic Scroll Boutique.
  1133 | D        | Noticed a centaur warrior
  1133 | D        | Noticed a centaur warrior
  1151 | D        | Noticed a kobold demonologist
  1152 | D        | Noticed a kobold demonologist
  1153 | D        | Paralysed by a floating eye for 4 turns
  1158 | D        | Noticed a rust devil
  1158 | D        | Reached * piety under Dithmenos
  1165 | D        | Killed a kobold demonologist
  1173 | D        | Killed a kobold demonologist
  1173 | D        | Reached skill level 10 in Unarmed Combat
  1401 | D        | Noticed a shining eye
  1401 | D        | Noticed a shining eye
  1401 | D        | Noticed a shining eye
  1401 | D        | Noticed a shining eye
  1401 | D        | Noticed a shining eye
  1401 | D        | Noticed a shining eye
  1406 | D        | Reached ** piety under Dithmenos
  1407 | D        | Noticed a shining eye
  1407 | D        | Noticed a shining eye
  1409 | D        | Killed a shining eye
  1409 | D        | Gained mutation: Scrolls take you a little longer to read. [a shining eye]
  1410 | D        | Gained mutation: Your body sometimes deteriorates upon taking damage. [a shining eye]
  1413 | D        | Gained mutation: Your body often deteriorates upon taking damage. [a shining eye]
  1415 | D        | Gained mutation: Your magical capacity is low. (-10% MP) [a shining eye]
  1416 | D        | Paralysed by a floating eye for 3 turns
  1419 | D        | Gained mutation: You have a pair of small antennae on your head. [a shining eye]
  1421 | D        | Paralysed by a floating eye for 2 turns
  1425 | D        | Gained mutation: Scrolls take you longer to read. [a shining eye]
  1430 | D        | Killed a shining eye
  1430 | D        | Reached skill level 5 in Short Blades
  1432 | D        | Reached *** piety under Dithmenos
  1432 | D        | Reached XP level 10. HP: 60/60 MP: 9/9
  1434 | D        | Gained mutation: You tend to lose your temper in combat. [a shining eye]
  1440 | D        | Killed a shining eye
  1440 | D        | Gained mutation: You are clumsy. (Dex -2) [a shining eye]
  1444 | D        | Gained mutation: You are weak. (Str -2) [a shining eye]
  1446 | D        | Gained mutation: You do not regenerate when monsters are visible. [a shining eye]
  1450 | D        | Gained mutation: You are dopey. (Int -2) [a shining eye]
  1452 | D        | Killed a shining eye
  1458 | D        | Reached **** piety under Dithmenos
  1460 | D        | Lost mutation: Scrolls take you longer to read. [a shining eye]
  1464 | D        | Gained mutation: You are very clumsy. (Dex -4) [a shining eye]
  1476 | D        | Gained mutation: Your spells are a little easier to cast, but a little less powerful. [a shining eye]
  1479 | D        | Gained mutation: Your magical capacity is very low. (-20% MP) [a shining eye]
  1480 | D        | Killed a shining eye
  1480 | D        | Reached skill level 10 in Short Blades
  1488 | D        | Killed a shining eye
  1494 | D        | Killed a shining eye
  1507 | D        | Killed a shining eye
  1507 | D        | Reached ***** piety under Dithmenos
  1515 | D        | Found Celaix's Assorted Antiques.
  1515 | D        | Found Jiqahiocu's Magic Scroll Shoppe.
  1515 | D        | Found Xipti's Antique Weapon Boutique.
  1515 | D        | Found Poyvvuyz's Jewellery Emporium.
  1598 | D        | Killed a centaur warrior
  1599 | D        | Killed a centaur warrior
  1599 | D        | Reached XP level 11. HP: 64/64 MP: 8/8
  1602 | D        | Got a polished large shield
  1623 | D        | Noticed an oklob plant
  1625 | D        | Killed an oklob plant
  1625 | D        | Reached skill level 15 in Short Blades
  2017 | D        | Reached ****** piety under Dithmenos
  2216 | D        | Reached skill level 5 in Dodging
  2411 | D        | HP: 3/61 [something (12)]
  2412 | D        | Mangled by an unseen horror

Vault maps used:
D:        dungeon_sprint_1

Skill      XL: |  1  2  3  4  5  6  7  8  9 10 11 |
---------------+----------------------------------+-----
Stealth        | 9 13 16 19 22 | 22.8
Unarmed Combat | 7 12 | 12.3
Short Blades   | 5 14 15 | 15.4
Dodging        | 5 |  5.8
Fighting       | |  2.0
Throwing       | |  2.0

Action                   |  1- 3 |  4- 6 |  7- 9 | 10-12 || total
-------------------------+-------+-------+-------+-------++-------
Melee: Dagger            |    13 |     2 |    48 |   115 ||   178
       Tentacles         |     2 |       |     9 |    21 ||    32
       Constrict         |     1 |       |     8 |    13 ||    22
       Punch             |       |       |     6 |    10 ||    16
 Stab: Sleeping          |     1 |     2 |     6 |    14 ||    23
  Eat: Bread ration      |       |       |     1 |       ||     1
Armor: Skin              |       |       |     1 |     1 ||     2
Dodge: Dodged            |     5 |       |    31 |    23 ||    59

Table legend:
 A = Spawn XP
 B = Non-spawn XP
 C = Spawn XP percentage of total XP
 D = Spawn monster count
 E = Non-spawn monster count
 F = Spawn count percentage of total count
 G = Total turns spent on level
                    A         B        C        D         E        F      G
               +---------+---------+-------+---------+---------+-------+---------
         Total |       0 |   12683 |   0.0 |       0 |      44 |   0.0 |  2412
               +---------+---------+-------+---------+---------+-------+---------
             D |       0 |   12683 |   0.0 |       0 |      44 |   0.0 |  2412
               +---------+---------+-------+---------+---------+-------+---------
